 Dungeon Crawl Stone Soup version 0.21.1-1-g345015f (webtiles) character file.

1267 tidbits the Charmwright (level 8, -7/64 HPs)
             Began as a Gnoll Skald on June 24, 2018.
             Mangled by an orc warrior
             ... wielding a +0 dire flail
              (22 damage)
             ... on level 7 of the Dungeon.
             The game lasted 00:09:17 (844 turns).

tidbits the Charmwright (Gnoll Skald)                Turns: 844, Time: 00:09:18

Health: -7/64      AC:  5    Str: 18    XL:     8   Next: 52%
Magic:  1/17       EV: 15    Int: 17    God:
Gold:   60         SH:  5    Dex: 15    Spells: 9/19 levels left

rFire    . . .     SeeInvis .   f - +0 war axe
rCold    . . .     Gourm    +   D - +0 buckler
rNeg     . . .     Faith    .   b - +0 leather armour
rPois    .         Spirit   .   E - +0 helmet
rElec    .         Reflect  .   C - +0 cloak
rCorr    .         Harm     .   (no gloves)
MR       .....                  (no boots)
Stlth    ++........             u - amulet of the gourmand
HPRegen  0.20/turn              e - +4 ring of strength
MPRegen  0.15/turn              (no ring)

@: singing
A: distributed training, fangs 1, strong nose
a: no special abilities


You were on level 7 of the Dungeon.
You were hungry.

You visited 1 branch of the dungeon, and saw 7 of its levels.

You collected 90 gold pieces.
You spent 30 gold pieces at shops.

Inventory:

Hand Weapons
 a - a +0 hand axe
 f - a +0 war axe (weapon)
 g - a +0 trident
 n - a +0 flail
 o - a +0 shortbow
 s - a +0 scythe
Missiles
 h - 7 tomahawks of returning (quivered)
 j - 14 sling bullets
 k - 3 tomahawks
 p - 51 arrows
Armour
 b - a +0 leather armour (worn)
 C - a +0 cloak (worn)
 D - a +0 buckler (worn)
 E - a +0 helmet (worn)
Jewellery
 e - a +4 ring of strength (left hand)
   (You found it on level 4 of the Dungeon)
 u - an amulet of the gourmand (around neck)
   (You found it on level 5 of the Dungeon)
Wands
 m - a wand of iceblast (6)
Scrolls
 i - a scroll of identify
 r - 2 scrolls of remove curse
 t - a scroll of teleportation
Books
 c - a book of Battle

   Spells                             Type                      Level
   a - Infusion                       Charms                       1
   b - Shroud of Golubria             Charms/Translocation         2
   c - Song of Slaying                Charms                       2
   d - Spectral Weapon                Hexes/Charms                 3
   e - Regeneration                   Charms/Necromancy            3
Comestibles
 d - 2 rations
 q - 3 chunks of flesh


   Skills:
 + Level 5.7 Fighting
 + Level 3.3 Short Blades
 + Level 3.3 Long Blades
 + Level 5.7 Axes
 + Level 3.3 Maces & Flails
 + Level 3.3 Polearms
 + Level 3.3 Staves
 + Level 3.3 Slings
 + Level 3.3 Bows
 + Level 3.3 Crossbows
 + Level 3.3 Throwing
 + Level 4.2 Armour
 + Level 5.7 Dodging
 + Level 3.3 Stealth
 + Level 3.3 Shields
 + Level 3.3 Unarmed Combat
 + Level 6.0 Spellcasting
 + Level 2.6 Conjurations
 + Level 2.6 Hexes
 + Level 6.1 Charms
 + Level 2.6 Summonings
 + Level 2.6 Necromancy
 + Level 2.6 Translocations
 + Level 2.6 Transmutations
 + Level 2.6 Fire Magic
 + Level 2.6 Ice Magic
 + Level 2.6 Air Magic
 + Level 2.6 Earth Magic
 + Level 2.6 Poison Magic
 + Level 3.6 Invocations
 + Level 3.3 Evocations


You had 9 spell levels left.
You knew the following spells:

 Your Spells              Type           Power        Failure   Level  Hunger
g - Shroud of Golubria    Chrm/Tloc      ###.......   4%          2    None
r - Regeneration          Chrm/Necr      ###.......   8%          3    ##.....
w - Spectral Weapon       Hex/Chrm       ###.....     8%          3    ##.....
y - Song of Slaying       Chrm           ####....     1%          2    None


Dungeon Overview and Level Annotations

Branches:
Dungeon (7/15)
 Temple: D:4-7

Altars:
Nemelex Xobeh
Uskayaw

Shops:
D:4 :   D:5 ?


Innate Abilities, Weirdness & Mutations

Your experience applies equally to all skills.
You have very sharp teeth.
Your uncanny sense of smell can sniff out nearby items.


Message History

Your skin stops crawling.
Unknown command.
Found 11 gold pieces.
There is a stone staircase leading down here.
You climb downwards.
You hear the hiss of flowing sand.
There is an entrance to an ossuary on this level.
Hurry and find it before the portal is buried!
An ice beast comes into view.
Found 16 stones and a ration.
There is a stone staircase leading up here.
Casting: Regeneration
Confirm with . or Enter, or press ? or * to list all spells.
You draw out your weapon's spirit!
You closely miss the ice beast. Your bite misses the ice beast.
Your spectral weapon hits the ice beast!
You block the ice beast's attack.
You barely miss the ice beast.
The ice beast is moderately wounded.
Your spectral weapon hits the ice beast.
The ice beast hits you but does no damage.
You slash the ice beast! Your bite misses the ice beast.
The ice beast is severely wounded.
Your spectral weapon hits the ice beast!
You kill the ice beast!
Found a sparkling altar of Nemelex Xobeh.
Found 13 gold pieces.
You see here a ration.
d - 2 rations (gained 1)
An orc comes into view. It is wielding a club.
An orc comes into view. It is wielding a short sword.
Casting: Spectral Weapon
Confirm with . or Enter, or press ? or * to list all spells.
You start singing a song of slaying.
You hear a shout!
An orc wizard comes into view. It is wielding a dagger.
The orc wizard shouts!
You hit the orc.
The orc is lightly wounded.
You closely miss the orc.
Your spectral weapon hits the orc!
You kill the orc!
Your spectral weapon hits the orc.
The orc closely misses you.
The orc wizard casts a spell.
The orc wizard flickers and vanishes!
You barely miss the orc.
The orc is moderately wounded.
Your spectral weapon fades away.
The orc hits you with a short sword. You block the orc's attack.
You hit the orc.
The orc is heavily wounded.
You hear a shout!
The orc hits you with a short sword. Something hits you but does no damage.
An orc warrior comes into view. It is wielding a dire flail.
Casting: Song of Slaying
Confirm with . or Enter, or press ? or * to list all spells.
You don't have enough magic to cast that spell.
You hit the orc.
You kill the orc!
You hit something. Something barely misses you.
An orc comes into view. It is wielding a dagger.
You barely miss something.
The orc shouts!
Your bite misses something. Something hits you but does no damage.
Unknown command.
Evoke which item? (* to show all) (? for menu, Esc to quit)
Aiming: Iceblast
Press: ? - help, Shift-Dir - straight line The mass of ice explodes!
The iceblast engulfs something.
You hear a shout!
Something hits you but does no damage.
Unknown command.
Throwing (i - inventory. (,) - cycle):
h - 7 tomahawks of returning (quivered)
Press: ? - help, Shift-Dir - straight line, f - orc warrior
Aim: an orc warrior, wielding a dire flail and wearing a chain mail You throw a tomahawk of returning.
The tomahawk of returning barely misses the orc warrior.
The tomahawk of returning returns to your pack!
Something hits you but does no damage.
An orc comes into view. It is wielding a club.
Evoke which item? (* to show all) (? for menu, Esc to quit)
Aiming: Iceblast
Press: ? - help, Shift-Dir - straight line, p - orc warrior The mass of ice explodes!
The iceblast engulfs the orc warrior.
The orc warrior is moderately wounded.
The iceblast engulfs something.
You feel a bit more experienced.
Unknown command.
Casting: Song of Slaying
Confirm with . or Enter, or press ? or * to list all spells.
You draw out your weapon's spirit!
The orc warrior hits you with a dire flail!!
* * * LOW HITPOINT WARNING * * *
It was a potion of curing.
You feel better.
The orc warrior hits you with a dire flail.
* * * LOW HITPOINT WARNING * * *
You closely miss the orc warrior.
The orc warrior is moderately wounded.
You slash the orc!
You kill the orc!
Your spectral weapon hits the orc warrior.
The orc warrior hits you with a dire flail!!
You die...

... .#..# ∆ ∆ ...
...## .. .... #...##
.. ....#....# .#
..#....# .# #.$...# .#
.#..#.....#######.##
......)@.....#.....##
......o(........<...##
....o................#
.......⌠.⌠.....(.....#
........_............#
.......⌠.⌠...........#
.....................#
.....................#
..................##


You could see an orc warrior, an orc and a friendly spectral war axe.

Vanquished Creatures
  The ghost of Merlin the Cudgeler, a novice DsCK of Xom (D:6)
  Sigmund (D:5)
  An ice beast (D:7)
  A phantom (D:4)
  2 centaurs
  A necrophage (D:6)
  2 scorpions
  2 hounds
  An orc wizard (D:7)
  3 worker ants (D:4)
  A hound skeleton (D:6)
  7 gnolls
  2 adders
  3 worms (D:4)
  7 orcs
  6 jackals
  A quokka (D:3)
  A ball python skeleton (D:5)
  2 bats (D:2)
  A kobold (D:3)
  A quokka skeleton (D:4)
  18 rats (D:3)
65 creatures vanquished.

Vanquished Creatures (others)
  2 spectral weapons
2 creatures vanquished.

Grand Total: 67 creatures vanquished

Notes
Turn   | Place    | Note
-------+----------+-------------------------------------------
     0 | D:1      | tidbits the Gnoll Skald began the quest for the Orb.
     0 | D:1      | Reached XP level 1. HP: 20/20 MP: 6/6
    18 | D:1      | You fall through a shaft!
    26 | D:2      | Reached XP level 2. HP: 18/26 MP: 2/7
    30 | D:2      | Learned a level 2 spell: Song of Slaying
    33 | D:2      | Learned a level 2 spell: Shroud of Golubria
   237 | D:4      | Reached skill level 5 in Spellcasting
   237 | D:4      | Reached skill level 1 in Invocations
   237 | D:4      | Reached XP level 3. HP: 16/31 MP: 2/9
   247 | D:4      | Reached skill level 1 in Short Blades
   247 | D:4      | Reached skill level 1 in Long Blades
   247 | D:4      | Reached skill level 1 in Maces & Flails
   247 | D:4      | Reached skill level 1 in Polearms
   247 | D:4      | Reached skill level 1 in Staves
   247 | D:4      | Reached skill level 1 in Slings
   247 | D:4      | Reached skill level 1 in Bows
   247 | D:4      | Reached skill level 1 in Crossbows
   247 | D:4      | Reached skill level 1 in Throwing
   247 | D:4      | Reached skill level 1 in Stealth
   247 | D:4      | Reached skill level 1 in Shields
   247 | D:4      | Reached skill level 1 in Unarmed Combat
   247 | D:4      | Reached skill level 1 in Evocations
   295 | D:3      | Reached XP level 4. HP: 13/38 MP: 6/11
   326 | D:3      | Learned a level 3 spell: Regeneration
   330 | D:3      | Learned a level 3 spell: Spectral Weapon
   362 | D:4      | Reached skill level 1 in Conjurations
   362 | D:4      | Reached skill level 1 in Hexes
   362 | D:4      | Reached skill level 1 in Summonings
   362 | D:4      | Reached skill level 1 in Necromancy
   362 | D:4      | Reached skill level 1 in Translocations
   362 | D:4      | Reached skill level 1 in Transmutations
   362 | D:4      | Reached skill level 1 in Fire Magic
   362 | D:4      | Reached skill level 1 in Ice Magic
   362 | D:4      | Reached skill level 1 in Air Magic
   362 | D:4      | Reached skill level 1 in Earth Magic
   362 | D:4      | Reached skill level 1 in Poison Magic
   374 | D:4      | Reached XP level 5. HP: 24/43 MP: 3/12
   430 | D:4      | Noticed a phantom
   451 | D:4      | Reached skill level 3 in Armour
   467 | D:4      | Killed a phantom
   467 | D:4      | Reached skill level 2 in Invocations
   467 | D:4      | Reached XP level 6. HP: 27/50 MP: 2/13
   574 | D:4      | Found Leabrepp's Book Shop.
   591 | D:4      | Reached skill level 5 in Fighting
   591 | D:4      | Reached skill level 2 in Short Blades
   591 | D:4      | Reached skill level 2 in Long Blades
   591 | D:4      | Reached skill level 5 in Axes
   591 | D:4      | Reached skill level 2 in Maces & Flails
   591 | D:4      | Reached skill level 2 in Polearms
   591 | D:4      | Reached skill level 2 in Staves
   591 | D:4      | Reached skill level 2 in Slings
   591 | D:4      | Reached skill level 2 in Bows
   591 | D:4      | Reached skill level 2 in Crossbows
   591 | D:4      | Reached skill level 2 in Throwing
   591 | D:4      | Reached skill level 5 in Dodging
   591 | D:4      | Reached skill level 2 in Stealth
   591 | D:4      | Reached skill level 2 in Shields
   591 | D:4      | Reached skill level 2 in Unarmed Combat
   591 | D:4      | Reached skill level 2 in Evocations
   639 | D:5      | Entered Level 5 of the Dungeon
   662 | D:5      | Noticed Sigmund
   669 | D:5      | Killed Sigmund
   669 | D:5      | Reached XP level 7. HP: 26/56 MP: 2/15
   685 | D:5      | Found Noabb's Magic Scroll Shop.
   696 | D:5      | Bought a scroll of identify for 30 gold pieces
   734 | D:5      | Reached skill level 2 in Conjurations
   734 | D:5      | Reached skill level 2 in Hexes
   734 | D:5      | Reached skill level 2 in Summonings
   734 | D:5      | Reached skill level 2 in Necromancy
   734 | D:5      | Reached skill level 2 in Translocations
   734 | D:5      | Reached skill level 2 in Transmutations
   734 | D:5      | Reached skill level 2 in Fire Magic
   734 | D:5      | Reached skill level 2 in Ice Magic
   734 | D:5      | Reached skill level 2 in Air Magic
   734 | D:5      | Reached skill level 2 in Earth Magic
   734 | D:5      | Reached skill level 2 in Poison Magic
   769 | D:6      | Noticed Merlin's ghost (novice DsCK)
   782 | D:6      | Reached skill level 3 in Invocations
   786 | D:6      | Killed Merlin's ghost
   786 | D:6      | Reached skill level 3 in Short Blades
   786 | D:6      | Reached skill level 3 in Long Blades
   786 | D:6      | Reached skill level 3 in Maces & Flails
   786 | D:6      | Reached skill level 3 in Polearms
   786 | D:6      | Reached skill level 3 in Staves
   786 | D:6      | Reached skill level 3 in Slings
   786 | D:6      | Reached skill level 3 in Bows
   786 | D:6      | Reached skill level 3 in Crossbows
   786 | D:6      | Reached skill level 3 in Throwing
   786 | D:6      | Reached skill level 4 in Armour
   786 | D:6      | Reached skill level 3 in Stealth
   786 | D:6      | Reached skill level 3 in Shields
   786 | D:6      | Reached skill level 3 in Unarmed Combat
   786 | D:6      | Reached skill level 6 in Charms
   786 | D:6      | Reached skill level 3 in Evocations
   786 | D:6      | Reached XP level 8. HP: 21/63 MP: 2/16
   789 | D:6      | Found a hide-covered altar of Uskayaw.
   801 | D:6      | Reached skill level 6 in Spellcasting
   823 | D:7      | Found a sparkling altar of Nemelex Xobeh.
   844 | D:7      | Mangled by an orc warrior

Skill      XL: |  1  2  3  4  5  6  7  8 |
---------------+-------------------------+-----
Spellcasting   | 5 6 |  6.0
Invocations    | 1 2 3 |  3.6
Short Blades   | 1 2 3 |  3.3
Long Blades    | 1 2 3 |  3.3
Maces & Flails | 1 2 3 |  3.3
Polearms       | 1 2 3 |  3.3
Staves         | 1 2 3 |  3.3
Slings         | 1 2 3 |  3.3
Bows           | 1 2 3 |  3.3
Crossbows      | 1 2 3 |  3.3
Throwing       | 1 2 3 |  3.3
Stealth        | 1 2 3 |  3.3
Shields        | 1 2 3 |  3.3
Unarmed Combat | 1 2 3 |  3.3
Evocations     | 1 2 3 |  3.3
Conjurations   | 1 2 |  2.6
Hexes          | 1 2 |  2.6
Summonings     | 1 2 |  2.6
Necromancy     | 1 2 |  2.6
Translocations | 1 2 |  2.6
Transmutations | 1 2 |  2.6
Fire Magic     | 1 2 |  2.6
Ice Magic      | 1 2 |  2.6
Air Magic      | 1 2 |  2.6
Earth Magic    | 1 2 |  2.6
Poison Magic   | 1 2 |  2.6
Armour         | 3 4 |  4.2
Fighting       | 5 |  5.7
Axes           | 5 |  5.7
Dodging        | 5 |  5.7
Charms         | 6 |  6.1

Action                   |  1- 3 |  4- 6 |  7- 9 || total
-------------------------+-------+-------+-------++-------
Melee: Hand axe          |    12 |       |       ||    12
       War axe           |    31 |    77 |    45 ||   153
       Bite              |     7 |     9 |     5 ||    21
Throw: Tomahawk          |       |       |     1 ||     1
 Cast: Infusion          |     3 |       |       ||     3
       Song of Slaying   |     2 |     4 |     3 ||     9
       Shroud of Golubri |     2 |     3 |     2 ||     7
       Spectral Weapon   |       |    10 |     4 ||    14
       Regeneration      |       |     2 |     2 ||     4
Evoke: Wand              |       |       |     2 ||     2
  Use: Scroll            |     3 |       |     1 ||     4
       Potion            |       |     1 |     2 ||     3
 Stab: Distracted        |       |       |     1 ||     1
  Eat: Chunk             |       |       |     1 ||     1
Armor: Leather armour    |    14 |    15 |     9 ||    38
Dodge: Dodged            |    63 |    60 |    34 ||   157
Block: Buckler           |       |       |     3 ||     3

Table legend:
 A = Turns spent in this place as a percentage of turns spent in the entire game.
 B = Non-inter-level travel turns spent in this place as a percentage of non-inter-level travel turns spent in the entire game.
 C = Inter-level travel turns spent in this place as a percentage of turns spent in this place.
 D = Turns resting spent in this place as a percentage of non-inter-level travel turns spent in this place.
 E = Turns spent auto-exploring this place as a percentage of non-inter-level travel turns spent in this place.
 F = Non-inter-level travel turns spent in this place divided by the number of levels of this place that you've seen.
                   A       B       C       D       E      F
               +-------+-------+-------+-------+-------+----------------------
         Total | 100.0 | 100.0 |   2.6 |   0.0 |   0.0 | 117.4
       Dungeon | 100.0 | 100.0 |   2.6 |   0.0 |   0.0 | 117.4
               +-------+-------+-------+-------+-------+----------------------

Table legend:
 A = Kills in this place as a percentage of kills in entire the game.
 B = Kills by you in this place as a percentage of kills by you in the entire game.
 C = Kills by friends in this place as a percentage of kills by friends in the entire game.
 D = Other kills in this place as a percentage of other kills in the entire game.
 E = Experience gained in this place as a percentage of experience gained in the entire game.
 F = Experience gained in this place divided by the number of levels of this place that you have seen.
                   A       B       C       D       E      F
               +-------+-------+-------+-------+-------+----------------------
         Total | 100.0 | 100.0 |   N/A |   N/A | 100.0 | 258.6
       Dungeon | 100.0 | 100.0 |   N/A |   N/A | 100.0 | 258.6
               +-------+-------+-------+-------+-------+----------------------

Vault maps used:
D:1:      scummos_arrival_gate
D:2:      overflow_temple_1_default
D:3:      first_ration, minmay_rat_hole
D:4:      lemuel_round_altar, serial_shops, kennysheep_little_box,
          hangedman_decor_slide_cut
D:5:      tgw_trog, demons_altar, minmay_temple_entry_statues_pillars,
          serial_shops, kennysheep_mini_moat, shop, shop, shop,
          uniq_prince_ribbit1, uniq_grinder, uniq_sigmund, uniq_edmund
D:6:      nicolae_overflow_hidden_temple
D:7:      nemelex_xobeh_ov_fountains_minmay, enter_ossuary_4,
          eino_small_chamber_without_monster, grunt_ogre_cave, uniq_menkaure,
          uniq_pikel
